 Dungeon Crawl Stone Soup version 0.32-a0-928-g1cae6b7ea0 (webtiles) character file.

Game seed: 921386841100707924

2912 ragingrage the Basher (level 9, -1/54 (58) HPs)
             Began as a Coglin Fire Elementalist on Apr 12, 2024.
             Was a Believer of Beogh.
             Slain by a gnoll
             ... wielding a +0 halberd
             ... led by a gnoll sergeant
              (6 damage)
             ... on level 9 of the Dungeon.
             The game lasted 00:10:00 (10174 turns).

ragingrage the Basher (Coglin Fire Elementalist)   Turns: 10174, Time: 00:10:01

HP:   -1/54 (58)    AC: 14    Str: 10 (11) XL:     9   Next: 78%
MP:   12/12         EV:  9    Int: 13 (16) God:    Beogh [**....]
Gold: 368           SH:  0    Dex: 14 (15) Spells: 9/12 levels left

rFire   . . .        h - +3 mace (drain) {Yuphin}
rCold   . . .        a - +0 flail {Cihuaton}
rNeg    . . .        d - +0 ring mail
rPois   .            c - +2 helmet
rElec   .            B - +2 cloak
rCorr   .            v - +2 pair of gloves
SInv    .            (no boots)
Will    .....        (amulet unavailable) Stlth
                     (ring unavailable)
HPRegen 0.29/turn    (ring unavailable)
MPRegen 0.13/turn    (no gizmo)

%: no passive effects
@: silenced, hasted, drained, revving, very quick
A: off-hand wielding, slow wielding, warmup strikes, no jewellery
a: Invent Gizmo, Renounce Religion


You were on level 9 of the Dungeon.
You worshipped Beogh.
Beogh was pleased with you.
You visited 1 branch of the dungeon, and saw 9 of its levels.

You collected 437 gold pieces.
You spent 69 gold pieces at shops.

Inventory:

Hand Weapons
 a - a +0 flail (offhand) {Cihuaton}
 h - a +3 mace of draining (weapon) {Yuphin}
 l - a +0 spear {Surin}
 w - the +4 rapier of Insufficient Pleasure {freeze, ^Drain Fly rF++ MP-9}
   (You found it on level 5 of the Dungeon)

   rF++:      It greatly protects you from fire.
   MP-9:      It affects your magic capacity (-9).
   Fly:       It grants you flight.
   ^Drain:    It drains your maximum health when unequipped.
Armour
 c - a +2 helmet (worn)
 d - a +0 ring mail (worn)
 v - a +2 pair of gloves (worn)
 B - a +2 cloak (worn)
Wands
 x - a wand of flame (3)
 A - a wand of warping (8)
Scrolls
 e - a scroll of enchant weapon
 f - 2 scrolls of vulnerability
 i - 3 scrolls of revelation
 p - 2 scrolls of immolation
 s - 3 scrolls of noise
 u - a scroll of amnesia
 C - a scroll of brand weapon {unknown}
 D - a scroll of poison {unknown}
 E - a scroll of fog {unknown}
 F - a scroll of enchant armour
Potions
 b - a potion of magic
 g - a potion of attraction {unknown}
 j - a potion of berserk rage {unknown}
 k - a potion of might {unknown}
 m - 2 potions of curing
 n - a potion of invisibility {unknown}
 r - a potion of resistance
 t - a potion of heal wounds


   Skills:
 - Level 0.6 Fighting
 + Level 10.0 Maces & Flails
 - Level 1.7 Dodging
 - Level 1.8 Stealth
 - Level 2.0 Spellcasting
 - Level 3.0 Conjurations
 - Level 6.0 Fire Magic
 + Level 1.9 Invocations


You had 9 spell levels left.
You knew the following spells:

 Your Spells              Type           Power      Damage    Failure   Level
a - Scorch                Fire           32%        2d6       9%          2
b - Foxfire               Conj/Fire      52%        2x1d6     11%         1

Your spell library contained the following spells:

 Spells                   Type           Power      Damage    Failure   Level
 Kiss of Death            Conj/Necr      20%        2d7       34%         1
 Inner Flame              Hex/Fire       9%         N/A       50%         3
 Volatile Blastmotes      Fire/Tloc      18%        2d11      50%         3
 Sandblast                Erth           2%         2d4       54%         1
 Lesser Beckoning         Tloc           2%         N/A       69%         2
 Stone Arrow              Conj/Erth      10%        3d7       71%         3
 Flame Wave               Conj/Fire      13%        2d6       71%         4
 Confusing Touch          Hex            1%         N/A       89%         3
 Maxwell's Portable Pile  Tloc           1%         2d(5-13)  89%         3
 Passwall                 Erth           1%         N/A       89%         3
 Teleport Other           Tloc           1%         N/A       89%         3
 Brom's Barrelling Bould  Conj/Erth      5%         2d3       98%         4
 Dispel Undead            Necr           1%         3d6       100%        4
 Vhi's Electric Charge    Tloc/Air       2%         N/A       100%        4
 Bombard                  Conj/Erth      2%         9d1       100%        6


Dungeon Overview and Level Annotations

Branches:
Dungeon (9/15)             Temple (0/1) D:7
   Lair: D:8-11         Orc: D:9-12

Altars:
Fedhas
Hepliaklqana
Kikubaaqudgha
Xom

Shops:
D:2 *   D:5 [

Annotations:
D:7 3 runed translucent doors, Arkalis's ghost, novice MDFE
D:8 Maurice


Innate Abilities, Weirdness & Mutations

Your facial features look somewhat orcish.
You can wield a second weapon in your off-hand.
It takes a long time for you to wield or remove held weapons.
Your first few attacks do less damage.
You cannot equip rings or amulets.


Message History

As you read the scroll labelled GUZXAS VIRYSO, it crumbles to dust.
It is a scroll of enchant weapon.
Your +2 mace of draining {Yuphin} glows red for a moment.
The gnoll sergeant shouts!
You hear a shout! x2
The yak gores you but does no damage.
A gnoll comes into view. It is wielding a +0 club.
Unknown command.
Okay, then. 2 gnolls come into view.
The gnoll shouts! x3; The yak bellows!
The yak gores you but does no damage. The gnoll hits you but does no damage.
The yak attacks as it pursues you! The yak gores you but does no damage.
The gnoll moves out of view.
You hear a bellow!
You hear a shout!
You hit the yak with your +3 mace of draining.
You drain the yak. You hit the yak with your +0 flail.
The yak gores you but does no damage.
As you read the scroll labelled BUPHEO EMPIMU, it crumbles to dust.
A profound silence engulfs you.
It was a scroll of silence.
The gnoll hits you but does no damage. The yak gores you!
The yak barely misses you. x2
Magic scrolls do not work when you're silenced!
You feel much better.
The gnoll hits you from afar with a +0 halberd.
The yak gores you. The yak gores you! The yak gores you.
It was a potion of degeneration.
There was something very wrong with that liquid.
You feel weakened.
You feel dopey.
You feel clumsy. The gnoll closely misses you.
The yak gores you but does no damage. x2
The yak barely misses you.
It was a potion of haste.
You feel yourself speed up. The gnoll hits you but does no damage.
The yak barely misses you. The yak gores you. The yak closely misses you.
Okay, then.
You hit the yak but do no damage.
You hit the yak with your +3 mace of draining.
The yak gores you!
* * * LOW HITPOINT WARNING * * *
The gnoll hits you from afar with a +0 halberd.
You die...

#.................
.........$.......
.............####
.#...###........#
......##........#
#....#....######
.(.#...YY.....#
......YY##....#
####@Ygg####
#..##zzz.....
#g#####g.....


.gg ...... ...g ./... ...... ^.g.. #...). .... #..... .... You could see 5 yaks,
a gnoll sergeant, 3 wights and 6 gnolls.

Vanquished Creatures
  A sky beast (D:8)
  2 ice beasts
  An orc warrior (D:6)
  3 black bears
  An ogre (D:4)
  A phantom (D:6)
  A centaur (D:7)
  A kobold brigand (D:6)
  A brain worm (D:5)
  2 bullfrogs
  4 scorpions
  10 wights
  4 jellies
  2 howler monkeys (D:8)
  4 hounds
  A bombardier beetle (D:3)
  9 iguanas
  A gnoll bouda (D:4)
  Natasha (thrice) (D:3)
  2 orc wizards
  4 gnolls (D:4)
  8 adders
  A shadow imp (D:7)
  A white imp (D:7)
  3 ufetubi (D:6)
  3 dart slugs
  3 ribbon worms
  11 orcs
  7 ball pythons
  8 bats
  9 endoplasms
  A giant cockroach (D:4)
  2 goblins
  9 hobgoblins
  4 jackals (D:4)
  8 kobolds
  6 quokkas
  4 frilled lizards
  5 rats
  A butterfly (D:5)
152 creatures vanquished.

Vanquished Creatures (collateral kills)
  A foxfire (D:2)
1 creature vanquished.

Vanquished Creatures (others)
  307 foxfires
307 creatures vanquished.

Grand Total: 460 creatures vanquished

Notes
Turn   | Place    | Note
-------+----------+-------------------------------------------
     0 | D:1      | ragingrage the Coglin Fire Elementalist began the quest for
                  | the Orb.
     0 | D:1      | Reached XP level 1. HP: 13/13 MP: 3/3
   173 | D:1      | Reached XP level 2. HP: 16/19 MP: 0/4
  1142 | D:1      | Reached XP level 3. HP: 9/24 MP: 1/5
  1298 | D:2      | Learned a level 2 spell: Scorch
  2110 | D:2      | Reached XP level 4. HP: 30/30 MP: 1/7
  2376 | D:2      | Found Inusurch's Assorted Antiques.
  2396 | D:2      | Bought a scroll labelled RALOLO SIWN for 24 gold pieces
  2396 | D:2      | Bought a fizzy black potion for 21 gold pieces
  2396 | D:2      | Bought a scroll labelled FET DARUEMOPPA for 24 gold pieces
  2576 | D:3      | Found a blossoming altar of Fedhas.
  2670 | D:3      | Reached skill level 5 in Fire Magic
  2670 | D:3      | Reached XP level 5. HP: 35/35 MP: 1/8
  2844 | D:3      | Reached skill level 1 in Conjurations
  3137 | D:3      | Found an ancient bone altar of Kikubaaqudgha.
  3242 | D:3      | Found a hazy altar of Hepliaklqana.
  3274 | D:3      | Noticed Natasha
  3279 | D:3      | Killed Natasha
  3603 | D:3      | Noticed Natasha
  3611 | D:3      | Killed Natasha
  3943 | D:3      | Found an ancient bone altar of Kikubaaqudgha.
  3946 | D:3      | Found a hazy altar of Hepliaklqana.
  3976 | D:3      | Noticed Natasha
  3993 | D:3      | Killed Natasha
  3994 | D:3      | Reached XP level 6. HP: 41/41 MP: 1/9
  5018 | D:4      | Became a worshipper of Beogh the Shepherd
  5294 | D:4      | Reached XP level 7. HP: 47/47 MP: 10/10
  5307 | D:4      | Reached skill level 1 in Maces & Flails
  5402 | D:4      | Reached skill level 2 in Maces & Flails
  5787 | D:5      | Entered Level 5 of the Dungeon
  5801 | D:5      | Reached skill level 3 in Maces & Flails
  6011 | D:5      | Identified the +4 rapier of Insufficient Pleasure {freeze,
                  | ^Drain Fly rF++ MP-9}
  6138 | D:5      | Reached skill level 4 in Maces & Flails
  6348 | D:5      | Reached XP level 8. HP: 53/53 MP: 6/11
  6357 | D:5      | Found a shimmering altar of Xom.
  6363 | D:5      | Reached skill level 5 in Maces & Flails
  6460 | D:5      | Found Leth's Antique Armour Shop.
  6826 | D:6      | Reached skill level 6 in Maces & Flails
  7262 | D:6      | Reached skill level 7 in Maces & Flails
  7369 | D:6      | Reached * piety under Beogh
  7374 | D:6      | Reached XP level 9. HP: 54/58 MP: 3/12
  7416 | D:6      | Reached skill level 8 in Maces & Flails
  8667 | D:7      | Found a staircase to the Ecumenical Temple.
  8887 | D:7      | Reached skill level 9 in Maces & Flails
  9297 | D:7      | Noticed Arkalis's ghost (novice MDFE)
  9298 | D:7      | Found a runed translucent gate.
  9299 | D:7      | Noticed a komodo dragon
  9313 | D:7      | Found a runed translucent gate.
  9313 | D:7      | Found a runed translucent gate.
  9642 | D:7      | Reached skill level 1 in Invocations
  9848 | D:7      | Reached ** piety under Beogh
  9862 | D:8      | Reached skill level 10 in Maces & Flails
 10129 | D:8      | Noticed Maurice
 10174 | D:9      | Slain by a gnoll

Illustrated notes

Levels and vault maps discovered:
D:1:      dpeg_arrival_brainrot, layout_basic, serial_bayou,
          serial_bayou_pond_d, serial_bayou_pond_a, serial_bayou_pond_e,
          serial_bayou_crossing
D:2:      layout_loops_cross, serial_shops, nicolae_shop_overgrown_old_shop,
          dreamdust_princess_corridor
D:3:      layout_basic, mainiacjoe_overflow_catwalk,
          mainiacjoe_overflow_catch_the_wave, kennysheep_generic_room_11,
          uniq_natasha
D:4:      layout_basic, minmay_stone_trees_small
D:5:      layout_gridville, xom_butterflies, serial_shops,
          nicolae_shop_back_alley_shop
D:6:      layout_loops_ring, minmay_joined_circles
D:7:      layout_basic, minmay_temple_entry_enclosed_plants,
          gammafunk_ghost_split
D:8:      layout_cave_pods, uniq_maurice
D:9:      layout_rooms, hangedman_abyss_or_decor_stagger

Skill      XL: |  1  2  3  4  5  6  7  8  9 |
---------------+----------------------------+-----
Fire Magic     | 3 4 5 6 |  6.0
Spellcasting   | 2 |  2.0
Conjurations   | 2 3 |  3.0
Maces & Flails | 4 7 10 | 10.0
Invocations    | 1 |  1.9
Fighting       | |  0.6
Dodging        | |  1.7
Stealth        | |  1.8

Action                     |  1- 3 |  4- 6 |  7- 9 || total
---------------------------+-------+-------+-------++-------
  Melee: Short sword       |    21 |    47 |       ||    68
         Dagger            |    18 |    46 |       ||    64
         Spear             |       |     4 |    16 ||    20
         Mace              |       |     3 |   122 ||   125
         Flail             |       |       |   102 ||   102
   Cast: Foxfire           |    72 |   102 |     7 ||   181
         Scorch            |       |    18 |    89 ||   107
 Invoke: Convert to Beogh  |       |     1 |       ||     1
  Evoke: Wand              |       |       |     1 ||     1
    Use: Scroll            |       |     8 |    10 ||    18
         Potion            |       |       |     4 ||     4
   Stab: Sleeping          |     4 |     1 |       ||     5
 Armour: Robe              |    12 |    36 |    18 ||    66
         Ring mail         |       |       |   176 ||   176
  Dodge: Dodged            |    16 |    52 |   126 ||   194

Table legend: (Time is in decaauts)
 A = Elapsed time spent in this place.
 B = Non-inter-level travel time spent in this place.
 C = Inter-level travel time spent in this place.
 D = Time resting spent in this place.
 E = Time spent auto-exploring this place.
 F = Levels seen in this place.
 G = Mean time per level.
                   A        B        C        D        E       F      G
               +--------+--------+--------+--------+--------+-----+--------+
         Total |  10195 |   9837 |    358 |   2655 |   5711 |   9 | 1132.8 |
       Dungeon |  10195 |   9837 |    358 |   2655 |   5711 |   9 | 1132.8 |
               +--------+--------+--------+--------+--------+-----+--------+

Top non-repeatable levels by time:
     D:6: 1797 daAuts
     D:3: 1648 daAuts
     D:4: 1503 daAuts
     D:2: 1352 daAuts
     D:1: 1300 daAuts
     D:5: 1027 daAuts
     D:7: 1001 daAuts
     D:8: 534 daAuts
     D:9: 29 daAuts
